 Dungeon Crawl Stone Soup version 0.29.0-13-gc9e81de378 (webtiles) character file.

Game seed: 8612149139521176083

750 groovy9 the Ruffian (level 7, -7/106 HPs)
             Began as a Troll Berserker on Sept 7, 2022.
             Was an Elder of Trog.
             Mangled by a gnoll sergeant
             ... wielding a +2 spear of venom
              (8 damage)
             ... on level 5 of the Dungeon.
             The game lasted 00:15:17 (2998 turns).

groovy9 the Ruffian (Troll Berserker)               Turns: 2998, Time: 00:15:19

Health: -7/106     AC: 23    Str: 28    XL:     7   Next: 48%
Magic:  6/6        EV:  1    Int:  3    God:    Trog [****..]
Gold:   169        SH:  0    Dex:  9    Spells: 6/6 levels left

rFire   . . .      SeeInvis .     - Unarmed
rCold   . . .      Faith    .   (no shield)
rNeg    . . .      Spirit   .   (body armour currently unavailable)
rPois   +          Reflect  .   (helmet currently unavailable)
rElec   .          Harm     .   (cloak currently unavailable)
rCorr   +          Rampage  .   (gloves unavailable)
Will    .....      NoTele   +   (boots unavailable)
Stlth   +.........              h - amulet of regeneration
HPRegen 1.87/turn               f - ring of resist corrosion
MPRegen 0.10/turn               (no ring)

@: lethally poisoned (-7 -> -31), tree-form
A: stationary, stasis, torment immunity, boosted hp, large, unfitting armour,
(claws 3), regeneration 1, (shaggy fur 1), (tough skin 1)
a: Renounce Religion, Berserk, Trog's Hand, Brothers in Arms


You were on level 5 of the Dungeon.
You worshipped Trog.
Trog was greatly pleased with you.
You were a tree.
You visited 1 branch of the dungeon, and saw 5 of its levels.

You collected 229 gold pieces.
You spent 60 gold pieces at shops.

Inventory:

Hand Weapons
 a - a +1 trident of flaming
Missiles
 m - 2 poisoned darts (quivered)
Armour
 i - a +0 cloak (melded)
 r - a +0 troll leather armour (melded) {Pargi}
Jewellery
 f - a ring of resist corrosion (left branch)
 g - an amulet of reflection
 h - an amulet of regeneration (around neck)
 o - an amulet of the acrobat
 t - a ring of protection from cold
Wands
 s - a wand of polymorph (11)
Scrolls
 b - 6 scrolls of identify
 c - 2 scrolls of silence
 d - 2 scrolls of vulnerability
 j - a scroll of enchant weapon
 p - a scroll of noise
Potions
 e - a potion of brilliance
 k - 3 potions of degeneration
 n - 2 potions of flight


   Skills:
 + Level 4.6 Fighting
 - Level 2.4 Dodging
 * Level 7.5 Unarmed Combat


You had 6 spell levels left.
You didn't know any spells.
Your spell library was empty.

Dungeon Overview and Level Annotations

Branches:
Dungeon (5/15)
 Temple: D:4-7

Altars:
Ru
Trog

Shops:
D:2 !


Innate Abilities, Weirdness & Mutations

You are a tree.
Your roots penetrate the ground, keeping you stationary.
You cannot be teleported.
You are immune to unholy pain and torment.
Your maximum health is greatly increased.
Your equipment is partially melded.
You are too large for most types of armour.
((You have claws for hands.))
Your natural rate of healing is unusually fast.
((You are covered in fur. (AC +1)))
((You have tough skin. (AC +1)))


Message History

You feel much better.
You feel extremely sick.
The gnoll hits you from afar with a +0 spear.
The gnoll hits you with a +0 whip.
The gnoll sergeant hits you from afar with a +2 spear of venom!
You are more poisoned.
The gnoll barely misses you. The orc hits you with a +0 flail.
The orc priest hits you with a +0 mace!
The black bear bites you but does no damage.
The black bear claws you.
The black bear claws you but does no damage.
Really quaff the potion of lignification?
You turn into a tree.
Your +0 cloak melds into your body.
Your +0 troll leather armour {Pargi} melds into your body.
Your roots penetrate the ground.
The net rips apart!
* * * LOW HITPOINT WARNING * * *
You feel extremely sick.
The gnoll hits you from afar with a +0 spear.
* * * LOW HITPOINT WARNING * * *
The gnoll sergeant hits you from afar with a +2 spear of venom.
* * * LOW HITPOINT WARNING * * *
The gnoll hits you but does no damage. x2
You are more poisoned.
The orc priest hits you with a +0 mace.
* * * LOW HITPOINT WARNING * * *
The orc hits you but does no damage.
The black bear bites you but does no damage.
The black bear claws you but does no damage. x2
You pummel the orc priest!!
You kill the orc priest!
Trog accepts your kill.
* * * LOW HITPOINT WARNING * * *
You feel extremely sick.
The black bear bites you but does no damage.
The black bear claws you but does no damage. x2
The gnoll hits you from afar with a +2 spear of venom!
* * * LOW HITPOINT WARNING * * *
The gnoll hits you but does no damage. x2
The gnoll sergeant hits you from afar with a +2 spear of venom!
You die...

............##.#...####......
......................#......
..................##.#.....[.
.......)..........##.#.......
..................#...)......
.#<..........................
#............#.(...)........
#...##.##...##..og.......##.
#..####........♣)...........
#... .....##.ghg..........
...... .#....#...g..........
...### ..##...<.............
..# .. .##.............. ....
#............... .
##...........#. #..........


You could see a black bear, a gnoll sergeant, 3 gnolls and an orc.

Vanquished Creatures
  Pargi (D:4)
  A scorpion (D:4)
  A gnoll sergeant (D:4)
  2 howler monkeys
  2 hounds (D:4)
  3 jellies
  2 orc priests
  An orc wizard (D:3)
  An iguana (D:4)
  6 adders
  A white imp (D:5)
  4 worms
  A dart slug (D:3)
  19 orcs
  9 ball pythons
  16 endoplasms
  3 giant cockroaches
  7 goblins
  5 hobgoblins
  18 jackals
  13 kobolds
  6 quokkas
  4 bats
  3 frilled lizards
  13 rats
142 creatures vanquished.

Vanquished Creatures (others)
  2 fungi (D:2)
  10 toadstools (D:2)
12 creatures vanquished.

Grand Total: 154 creatures vanquished

Notes
Turn   | Place    | Note
-------+----------+-------------------------------------------
     0 | D:1      | groovy9 the Troll Berserker began the quest for the Orb.
     0 | D:1      | Reached XP level 1. HP: 22/22 MP: 0/0
    54 | D:1      | Found a faded altar of an unknown god.
   267 | D:1      | Reached XP level 2. HP: 23/29 MP: 1/1
   944 | D:1      | Reached XP level 3. HP: 33/36 MP: 2/2
   992 | D:2      | Reached skill level 4 in Unarmed Combat
  1075 | D:2      | Reached ** piety under Trog
  1327 | D:2      | Reached XP level 4. HP: 45/45 MP: 3/3
  1396 | D:2      | Found Buhamuof's Distillery.
  1415 | D:2      | Bought a potion of curing for 30 gold pieces
  1415 | D:2      | Bought 2 potions of degeneration for 20 gold pieces
  1415 | D:2      | Bought a potion of degeneration for 10 gold pieces
  1509 | D:2      | Reached skill level 5 in Unarmed Combat
  1509 | D:2      | Reached XP level 5. HP: 53/53 MP: 4/4
  1796 | D:3      | Noticed a moth of wrath
  1799 | D:3      | Found a bloodstained altar of Trog.
  1820 | D:3      | Reached *** piety under Trog
  2317 | D:3      | Found a sacrificial altar of Ru.
  2390 | D:3      | Reached XP level 6. HP: 62/62 MP: 5/5
  2432 | D:4      | Reached skill level 6 in Unarmed Combat
  2546 | D:4      | Noticed Pargi
  2556 | D:4      | Killed Pargi
  2678 | D:4      | Reached XP level 7. HP: 70/70 MP: 6/6
  2707 | D:4      | Reached skill level 7 in Unarmed Combat
  2713 | D:4      | Reached **** piety under Trog
  2952 | D:5      | Entered Level 5 of the Dungeon
  2998 | D:5      | HP: 1/106 [gnoll/+2 spear of venom[a gnoll sergeant] (7)]
  2998 | D:5      | Mangled by a gnoll sergeant

Illustrated notes

Levels and vault maps discovered:
D:1:      heliophobic_arrival_battle_scene, layout_basic,
          hellmonk_ecumenical_altar_leap_of_faith
D:2:      cheibrodos_fertilizer, layout_rooms, serial_shops,
          nicolae_square_shop, minmay_pentomino_t2
D:3:      layout_rooms, nicolae_ru_path_of_blood, tgw_trog
D:4:      minmay_clustersquares, layout_rooms, minmay_between, uniq_pargi
D:5:      layout_cave_pools, uniq_duvessa

Skill      XL: |  1  2  3  4  5  6  7 |
---------------+----------------------+-----
Unarmed Combat | 4 5 6 7 |  7.5
Fighting       | 3 4 |  4.6
Dodging        | |  2.4

Action                   |  1- 3 |  4- 6 |  7- 9 || total
-------------------------+-------+-------+-------++-------
Melee: Unarmed           |   102 |   209 |    68 ||   379
       Punch             |     2 |     5 |     1 ||     8
Invok: Berserk           |     1 |     1 |       ||     2
  Use: Potion            |     4 |     1 |     2 ||     7
       Scroll            |     2 |     3 |     1 ||     6
 Stab: Sleeping          |     1 |       |       ||     1
Armor: Animal skin       |    48 |    77 |       ||   125
       Troll leather arm |       |     6 |    20 ||    26
       Skin              |       |       |    11 ||    11
Dodge: Dodged            |    43 |    87 |    25 ||   155
